 Dungeon Crawl Stone Soup version 0.18.1-48-g4cf74bf (webtiles) character file.

2079 dvd the Arsonist (level 9, -12/48 HPs)
             Began as a Deep Elf Fire Elementalist on Aug 30, 2016.
             Was a Follower of Vehumet.
             Hit by a tomahawk thrown by an orc warrior (21 damage)
             ... on level 7 of the Dungeon.
             The game lasted 00:33:14 (8640 turns).

dvd the Arsonist (Deep Elf Fire Elementalist)       Turns: 8640, Time: 00:33:15

Health: -12/48     AC:  5    Str: 10    XL:     9   Next: 6%
Magic:  15/32      EV: 14    Int: 24    God:    Vehumet [*.....]
Gold:   2          SH:  0    Dex: 17    Spells: 5 memorised, 9 levels left

rFire  + . .     SeeInvis .     y - +5 quarterstaff (chaos)
rCold  + . .     Gourm    .     t - +0 leather armour {MR+}
rNeg   . . .     Faith    .     (shield currently unavailable)
rPois  .         Spirit   .     (helmet restricted)
rElec  .         Dismiss  .     z - +1 cloak
rCorr  .         Reflect  .     (no gloves)
SustAt .         Harm     .     (no boots)
MR     +....                    (no amulet)
Stlth  ++++......               w - ring of magical power
                                k - ring of protection from fire

@: mighty, somewhat resistant to hostile enchantments, stealthy
A: horns 1, thin skeletal structure 1, camouflage 1, blurry vision 1, cold
resistance 1, screaming 1
a: Renounce Religion


You were on level 7 of the Dungeon.
You worshipped Vehumet.
Vehumet was aware of your devotion.
You were very hungry.

You visited 2 branches of the dungeon, and saw 8 of its levels.

You collected 256 gold pieces.
You spent 254 gold pieces at shops.

Inventory:

Hand Weapons
 g - the +6 mace of Gaoz {crush, *Confuse Int+8 Stlth+}
   (You found it on level 6 of the Dungeon)

   It inflicts extra damage upon your enemies.
   It affects your intelligence (+8).
   It may confuse you when you take damage.
   It makes you more stealthy.
 l - a +2 war axe of electrocution
 r - a +2 mace of protection
 v - a +2 mace of draining
 y - a +5 quarterstaff of chaos (weapon)
Missiles
 m - 8 poisoned javelins (quivered)
Armour
 f - a +0 robe
 i - the +1 leather armour of Beyond {Str+4}
   (You bought it in a shop on level 6 of the Dungeon)

   It affects your strength (+4).
 t - a +0 leather armour of magic resistance (worn)
 z - a +1 cloak (worn)
Jewellery
 a - an uncursed ring of fire
 d - an uncursed amulet of guardian spirit
 e - an uncursed ring of resist corrosion
 k - a ring of protection from fire (left hand)
 w - a ring of magical power (right hand)
Wands
 q - a wand of random effects (31/48)
 u - a wand of iceblast (4/15)
 x - a wand of lightning (10/15)
Scrolls
 n - 4 scrolls of identify
Potions
 o - a potion of lignification
 s - a potion of heal wounds {unknown}
Books
 b - a book of Flames

   Spells                             Type                      Level
   a - Flame Tongue                   Conjuration/Fire             1
   b - Throw Flame                    Conjuration/Fire             2
   c - Conjure Flame                  Conjuration/Fire             3
   d - Inner Flame                    Hexes/Fire                   3
   e - Sticky Flame                   Conjuration/Fire             4
   f - Fireball                       Conjuration/Fire             5
Comestibles
 c - 3 bread rations
 h - 3 meat rations


   Skills:
 + Level 1.6 Fighting
 + Level 0.6 Staves
 + Level 0.5 Armour
 + Level 4.1 Dodging
 + Level 4.3 Stealth
 + Level 8.1 Spellcasting
 + Level 5.5 Conjurations
 * Level 8.9 Fire Magic
 + Level 0.9 Evocations


You had 9 spell levels left.
You knew the following spells:

 Your Spells              Type           Power        Failure   Level  Hunger
a - Flame Tongue          Conj/Fire      #####        1%          1    None
b - Throw Flame           Conj/Fire      #####.       1%          2    None
c - Conjure Flame         Conj/Fire      #####...     1%          3    None
d - Sticky Flame          Conj/Fire      #####...     6%          4    ##.....
e - Fireball              Conj/Fire      #####.....   14%         5    #####..


Dungeon Overview and Level Annotations

Branches:
Dungeon (7/15)             Temple (1/1) D:4

Altars:
Ashenzari
Cheibriados
Dithmenos
Elyvilon
Fedhas
Gozag
Kikubaaqudgha
Makhleb
Pakellas
Ru
Sif Muna
Trog
Vehumet
Xom
Yredelemnul
Zin
The Shining One

Shops:
D:6 ?**[:

Annotations:
D:5 Inkary's ghost, novice MiFi


Innate Abilities, Weirdness & Mutations

You have a pair of small horns on your head.
You have a somewhat thin skeletal structure (Dex +2, Stealth).
Your skin changes colour to match your surroundings (Stealth).
Scrolls take you a little longer to read.
Your flesh is cold resistant.
You occasionally shout uncontrollably at your foes.


Message History

Unknown command.
Eat which item? (? for menu, Esc to quit)
Okay, then.
Unknown command.
Drink which item? (? for menu, Esc to quit)
It was a potion of might.
You feel very mighty all of a sudden.
An orc priest comes into view. It is wielding a short sword.
Casting: Fireball
Confirm with . or Enter, or press ? or * to list all spells.
Aiming: Fireball
Press: ? - help, Shift-Dir - straight line, f - orc priest
Aim: an orc priest, wielding a short sword The fireball explodes!
The fireball engulfs the orc priest.
You kill the orc priest!
Vehumet accepts your kill.
You are feeling very hungry.
Unknown command.
The orc warrior throws a tomahawk.
The tomahawk hits you!!
You die...

#.Yo§gg..g# .###
#>#######g# ......
#§# ..... ####.####
..... #.......#
#....) #.##.##.#
#.....# #.##... ..
.##...)####(#####.###
.......@..o.......#
...###)#.###.######
#.#.# .# #.#.# ..
(.#.o .#. ##### h..
.o .


You could see an orc warrior and an orc.

Vanquished Creatures
  Grinder (D:3)
  Edmund (D:6)
  2 sky beasts
  A phantom (D:6)
  A centaur (D:5)
  2 ogres (D:5)
  4 giant frogs
  A scorpion (D:6)
  A giant frog skeleton (D:5)
  Crazy Yiuf (D:4)
  3 hounds
  5 orc priests
  A centaur skeleton (D:3)
  6 orc wizards
  Jessica (D:2)
  2 iguanas (D:4)
  4 worker ants
  A worker ant zombie (D:3)
  4 gnolls
  5 adders
  2 oozes
  An adder skeleton (D:4)
  7 worms
  3 dart slugs
  3 giant geckos
  36 orcs
  2 giant cockroaches
  15 goblins
  9 hobgoblins
  17 jackals
  3 quokkas
  3 ball pythons
  7 bats
  3 giant newts (D:1)
  6 kobolds
  7 rats
  2 butterflies (D:2)
173 creatures vanquished.

Notes
Turn   | Place    | Note
--------------------------------------------------------------
     0 | D:1      | dvd the Deep Elf Fire Elementalist began the quest for the Orb.
     0 | D:1      | Reached XP level 1. HP: 10/10 MP: 6/6
   224 | D:1      | Reached XP level 2. HP: 15/15 MP: 5/8
   228 | D:1      | Learned a level 2 spell: Throw Flame
   716 | D:1      | Reached XP level 3. HP: 3/19 MP: 2/10
  1129 | D:1      | Learned a level 3 spell: Conjure Flame
  1912 | D:2      | Noticed Jessica
  1915 | D:2      | Killed Jessica
  1915 | D:2      | Reached XP level 4. HP: 24/24 MP: 9/11
  1936 | D:2      | Learned a level 4 spell: Sticky Flame
  1972 | D:2      | Found a glowing golden altar of the Shining One.
  2359 | D:2      | Found a faded altar to an unknown god.
  2383 | D:2      | Found a shimmering altar of Xom.
  2889 | D:3      | Reached skill level 5 in Fire Magic
  2913 | D:3      | Reached XP level 5. HP: 12/28 MP: 4/13
  3607 | D:3      | Reached XP level 6. HP: 32/32 MP: 5/15
  3757 | D:3      | Noticed Grinder
  3757 | D:3      | Paralysed by Grinder for 5 turns
  3792 | D:3      | Killed Grinder
  3792 | D:3      | Reached skill level 5 in Spellcasting
  4320 | D:3      | Reached XP level 7. HP: 36/36 MP: 15/17
  4905 | D:4      | Found a staircase to the Ecumenical Temple.
  4935 | Temple   | Entered the Ecumenical Temple
  5004 | Temple   | Became a worshipper of Vehumet
  5077 | D:4      | Learned a level 5 spell: Fireball
  5175 | D:4      | Noticed Crazy Yiuf
  5180 | D:4      | Killed Crazy Yiuf
  5337 | D:4      | Found a blossoming altar of Fedhas.
  5386 | D:4      | Found a bloodstained altar of Trog.
  5450 | D:4      | Found a glowing silver altar of Zin.
  5636 | D:5      | Entered Level 5 of the Dungeon
  5973 | D:5      | Noticed Inkary's ghost (novice MiFi)
  6010 | D:5      | Reached XP level 8. HP: 42/42 MP: 10/20
  6671 | D:4      | Reached * piety under Vehumet
  6671 | D:4      | Offered knowledge of Sting by Vehumet.
  7352 | D:6      | Noticed Edmund
  7366 | D:6      | Killed Edmund
  7366 | D:6      | Reached skill level 1 in Fighting
  7380 | D:6      | Found Tubbiacuem's Magic Scroll Shop.
  7396 | D:6      | Reached skill level 5 in Conjurations
  7683 | D:6      | Gained mutation: Your skin changes colour to match your surroundings (Stealth). [potion of mutation]
  7683 | D:6      | Gained mutation: Your flesh is cold resistant. [potion of mutation]
  7683 | D:6      | Gained mutation: Scrolls take you a little longer to read. [potion of mutation]
  7964 | D:6      | Got a sapphire mace
  7965 | D:6      | Identified the +6 mace of Gaoz {crush, *Confuse Int+8 Stlth+} (You found it on level 6 of the Dungeon)
  7990 | D:6      | Found Upitzax's Assorted Antiques.
  8003 | D:6      | Bought an ancient leather armour for 210 gold pieces
  8013 | D:6      | Identified the cursed +1 leather armour of Beyond {Str+4} (You bought it in a shop on level 6 of the Dungeon)
  8017 | D:6      | Found Fodo's General Store.
  8252 | D:6      | Found Vojopsof's Antique Armour Shoppe.
  8266 | D:6      | Bought a glowing leather armour for 44 gold pieces
  8301 | D:6      | Gained mutation: You occasionally shout uncontrollably at your foes. [potion of mutation]
  8301 | D:6      | Gained mutation: You have a pair of small horns on your head. [potion of mutation]
  8301 | D:6      | Gained mutation: You have a somewhat thin skeletal structure (Dex +2, Stealth). [potion of mutation]
  8361 | D:6      | Found Vaonethu's Book Boutique.
  8628 | D:7      | Reached XP level 9. HP: 7/48 MP: 23/23
  8640 | D:7      | Hit by a tomahawk thrown by an orc warrior

Skill      XL: |  1  2  3  4  5  6  7  8 |
---------------+-------------------------+-----
Fire Magic     | 4 5 6 7 8 |  8.9
Spellcasting   | 4 5 6 8 |  8.1
Conjurations   | 2 3 5 |  5.5
Stealth        | 3 4 |  4.3
Dodging        | 3 4 |  4.1
Fighting       | 1 |  1.6
Staves         | |  0.6
Armour         | |  0.5
Evocations     | |  0.9

Action                   |  1- 3 |  4- 6 |  7- 9 || total
-------------------------+-------+-------+-------++-------
Melee: Unarmed           |     1 |       |       ||     1
       Short sword       |     2 |     1 |       ||     3
       Mace              |       |     2 |     3 ||     5
       Quarterstaff      |       |       |    32 ||    32
 Cast: Flame Tongue      |    56 |    90 |    96 ||   242
       Throw Flame       |    18 |    27 |    72 ||   117
       Conjure Flame     |       |     7 |     8 ||    15
       Sticky Flame      |       |     1 |    19 ||    20
       Fireball          |       |       |     5 ||     5
Evoke: Wand              |       |       |    10 ||    10
  Use: Scroll            |       |     5 |     5 ||    10
       Potion            |       |       |     7 ||     7
 Stab: Sleeping          |     1 |     1 |     4 ||     6
  Eat: Chunk             |     3 |     9 |    11 ||    23
       Royal jelly       |       |       |     1 ||     1
       Beef jerky        |       |       |     1 ||     1
Armor: Robe              |     3 |     2 |    22 ||    27
       Leather armour    |       |       |     6 ||     6
       Skin              |       |       |     6 ||     6
Dodge: Dodged            |    31 |    21 |    66 ||   118
